 Dungeon Crawl Stone Soup version 0.19-a0-1686-g35356ef (webtiles) character file.

421 MistressOfTheDunes the Insei (level 6, -1/47 HPs)
             Began as a Mummy Monk on Sept 25, 2016.
             Killed by divine providence
             ... invoked by an orc priest
              (7 damage)
             ... on level 5 of the Dungeon.
             The game lasted 00:09:22 (6976 turns).

MistressOfTheDunes the Insei (Mummy Monk)           Turns: 6976, Time: 00:09:23

Health: -1/47      AC:  4    Str: 15    XL:     6   Next: 62%
Magic:  6/6        EV: 14    Int:  9    God:
Gold:   214        SH:  0    Dex: 16    Spells: 0 memorised, 5 levels left

rFire  x . .     SeeInvis .       - Unarmed
rCold  + . .     Gourm    .     (no armour)
rNeg   + + +     Faith    .     (no shield)
rPois  ∞         Spirit   .     (no helmet)
rElec  .         Dismiss  .     (no cloak)
rCorr  .         Reflect  .     (no gloves)
MR     .....     Harm     .     h - +0 pair of boots
Stlth  +++.......               (no amulet)
                                a - ring of stealth
                                j - +2 ring of protection

@: no status effects
A: no food or potions, fire vulnerability, cold resistance 1, negative energy
resistance 3, torment resistance, unbreathing
a: no special abilities


You were on level 5 of the Dungeon.
You were not hungry.

You visited 1 branch of the dungeon, and saw 5 of its levels.

You collected 214 gold pieces.


Innate Abilities, Weirdness & Mutations

You do not eat or drink.
Your flesh is vulnerable to fire.
You are immune to poison.
Your flesh is cold resistant. (rC+)
You are immune to negative energy. (rN+++)
You are immune to unholy pain and torment.
You can survive without breathing.


   Skills:
 - Level 3.0 Fighting
 + Level 4.0 Dodging
 - Level 1.5 Stealth
 - Level 5.3 Unarmed Combat


You had 5 spell levels left.
You didn't know any spells.

Inventory:

Armour
 h - a +0 pair of boots (worn)
Jewellery
 a - a ring of stealth (right hand)
 j - a +2 ring of protection (left hand)
Scrolls
 b - 2 scrolls of fog
 c - 3 scrolls of remove curse
 d - a scroll of noise {!r}
 e - 4 scrolls of amnesia
 f - a scroll of enchant weapon {unknown}
 g - 2 scrolls of random uselessness
 i - 2 scrolls of recharging
 k - a scroll of immolation {unknown}
 l - a scroll of teleportation {@r4}
 m - a scroll of blinking {unknown}
 n - a scroll of magic mapping {unknown}

Dungeon Overview and Level Annotations

Branches:
Dungeon (5/15)
 Temple: D:4-7

Altars:
Elyvilon
Kikubaaqudgha
Makhleb
Sif Muna
Yredelemnul

Annotations:
D:2 exclusion: downstairs
D:3 Purgy; heinrich's ghost, amateur HESk
D:4 slayr's ghost, amateur DsNe

▒..▒ ▒▒.. ▒▒.o.. ...
▒▒▒▒... ▒..o ...
+...... ▒▒... ..
▒▒▒▒... ▒... .. ▒..†
▒..▒ .▒ ▒... ▒..▒ .▒
▒▒▒▒▒▒▒...
▒.)▒▒▒▒▒▒▒.▒
▒+▒▒.........
▒..oooo..M.▒
▒.▒▒.▒▒▒▒..▒.
▒.▒▒▒▒▒▒▒▒▒▒ ▒.▒▒.▒
▒.... ▒.▒
▒▒▒▒▒▒▒▒▒▒.▒▒.▒▒▒▒.▒▒.
▒.▒
▒........(............
▒.▒
▒.▒▒▒▒▒▒......▒▒▒▒.▒▒▒
▒.▒ ▒.▒ ▒▒...▒.▒ ▒.▒
▒.▒▒▒.▒ ▒▒.▒▒.▒ ▒.▒
▒.....▒ ▒▒▒▒.. ..▒
▒▒▒▒▒▒▒ ▒▒▒▒ ▒▒▒


You could see 3 orc priests and an orc.


Message History

The orc wizard hits you with a dagger!
The orc priest shouts!!!
You beat the orc wizard into a bloody pulp!
The orc wizard is heavily wounded!
The orc wizard barely misses you! The orc misses you!
You barely miss the orc wizard!
The orc wizard is heavily wounded!
The orc wizard closely misses you!
You squash the orc wizard but do no damage!
You punch the orc wizard!
The orc wizard is severely wounded!
The orc hits you but does no damage!
The orc wizard gestures at you while chanting!
You easily resist!
You squash the orc wizard like an ant!!!
You annihilate the orc wizard!!!
Your Dodging skill increases to level 4!!!
The orc misses you!
The orc priest mumbles some strange prayers to Beogh against you!
Beogh smites you!!! * * * don't die
* * * The orc priest casts a cantrip, but nothing happens!
The orc priest invokes the aid of Beogh against you!
Beogh smites you!!! * * * don't die
* * * The orc priest calls down the wrath of Beogh upon you!
You struggle to resist!
The orc priest calls down the wrath of Beogh upon you!
Beogh smites you!!! rip

Action                   |  1- 3 |  4- 6 || total
-------------------------+-------+-------++-------
Melee: Unarmed           |   160 |   245 ||   405
       Punch             |       |     9 ||     9
  Use: Scroll            |       |     7 ||     7
 Stab: Sleeping          |     7 |     5 ||    12
       Distracted        |     1 |     2 ||     3
Armor: Skin              |    12 |    37 ||    49
Dodge: Dodged            |    81 |   122 ||   203

Vault maps used:
D:1:      evilmike_arrival_run_for_it
D:2:      minmay_misc_feat_four_crosses
D:3:      grunt_temple_overflow_open, uniq_purgy
D:4:      first_bread
D:5:      nicolae_overflow_crystal_walls

Notes
Turn   | Place    | Note
-------+----------+-------------------------------------------
     0 | D:1      | MistressOfTheDunes the Mummy Monk began the quest for the Orb.
     0 | D:1      | Reached XP level 1. HP: 18/18 MP: 1/1
   425 | D:1      | Reached XP level 2. HP: 19/24 MP: 2/2
   427 | D:1      | Reached skill level 3 in Unarmed Combat
   900 | D:1      | Reached XP level 3. HP: 8/29 MP: 3/3
  1984 | D:2      | Reached skill level 4 in Unarmed Combat
  2617 | D:3      | Found a basalt altar of Yredelemnul.
  2620 | D:3      | Found a deep blue altar of Sif Muna.
  2622 | D:3      | Found an ancient bone altar of Kikubaaqudgha.
  2623 | D:3      | Found a white marble altar of Elyvilon.
  2685 | D:3      | Reached XP level 4. HP: 26/35 MP: 4/4
  2770 | D:3      | Noticed Purgy
  2830 | D:3      | Noticed heinrich's ghost (amateur HESk)
  4550 | D:4      | Reached XP level 5. HP: 41/41 MP: 5/5
  4824 | D:4      | Reached skill level 5 in Unarmed Combat
  4835 | D:4      | Noticed slayr's ghost (amateur DsNe)
  5194 | D:5      | Entered Level 5 of the Dungeon
  5589 | D:5      | Reached skill level 3 in Dodging
  5589 | D:5      | Reached XP level 6. HP: 34/47 MP: 6/6
  6649 | D:5      | Found a burning altar of Makhleb.
  6970 | D:5      | Reached skill level 4 in Dodging
  6976 | D:5      | Killed from afar by an orc priest

Vanquished Creatures
  A howler monkey (D:4)
  A centaur skeleton (D:5)
  An orc priest (D:4)
  An iguana (D:5)
  An orc wizard (D:5)
  4 worker ants
  A hound zombie (D:5)
  A howler monkey zombie (D:5)
  6 adders
  A shadow imp (D:5)
  An ooze (D:1)
  2 worms
  3 dart slugs
  2 leopard geckos
  3 orcs
  2 bats
  7 giant cockroaches
  8 goblins
  10 hobgoblins
  4 jackals (D:3)
  A quokka (D:5)
  A ball python (D:2)
  6 frilled lizards
  4 kobolds (D:1)
  A leopard gecko skeleton (D:4)
  A quokka skeleton (D:4)
  7 rats
81 creatures vanquished.
